 Dungeon Crawl Stone Soup version bcrawl-1.19.1 (webtiles) character file.

Game seed: 3811496888513213049

341 Freyura the Skirmisher (level 6, -9/56 HPs)
             Began as a Hill Orc Fighter on Nov 29, 2019.
             Was an Initiate of Beogh.
             Mangled by Sigmund
             ... wielding a +2 scythe of flaming
              (10 damage)
             ... on level 3 of the Dungeon.
             The game lasted 00:05:25 (2646 turns).

Freyura the Skirmisher (Hill Orc Fighter)           Turns: 2646, Time: 00:05:26

Health: -9/56      AC:  7    Str: 24    XL:     6   Next: 56%
Magic:  7/7        EV:  8    Int:  8    God:    Beogh [......]
Gold:   186        SH:  0    Dex: 12    Spells: 5/5 levels left

rFire    . . .     SeeInvis .   a - +0 flail
rCold    . . .     Gourm    .   c - +0 shield
rNeg     . . .     Faith    .   b - +0 scale mail
rPois    .         Spirit   .   (no helmet)
rElec    .         Reflect  .   (no cloak)
rCorr    .         Harm     .   (no gloves)
MR       .....                  (no boots)
Stlth    ..........             (no amulet)
HPRegen  0.18/turn              (no ring)
MPRegen  0.10/turn              (no ring)

@: confused, mighty
A: no striking features
a: Renounce Religion


You were on level 3 of the Dungeon.
You worshipped Beogh.
Beogh was noncommittal.
You were not hungry.

You visited 1 branch of the dungeon, and saw 3 of its levels.

You collected 186 gold pieces.

Inventory:

Hand Weapons
 a - a +0 flail (weapon)
 q - a +3 war axe of electrocution
Armour
 b - a +0 scale mail (worn)
 c - a +0 shield (worn)
Scrolls
 g - 2 scrolls of immolation {unknown}
 h - 2 scrolls of identify {unknown}
 l - a scroll of enchant armour {unknown}
 m - a scroll of blinking {unknown}
Potions
 e - 2 potions of invisibility {unknown}
 i - a potion of cancellation {unknown}
 j - a potion of agility {unknown}
 k - 2 potions of lignification {unknown}
 n - a potion of mutation {unknown}
 o - a potion of degeneration {unknown}
Comestibles
 f - 6 rations {!d}
 p - a chunk of flesh


   Skills:
 * Level 5.3 Fighting
   Level 5.3 Short Blades
   Level 5.3 Long Blades
   Level 5.3 Axes
   Level 5.3 Maces & Flails
   Level 5.3 Polearms
   Level 5.3 Staves
 + Level 4.5 Armour
 + Level 1.9 Dodging
 + Level 4.4 Shields
   Level 5.3 Unarmed Combat
 + Level 1.8 Invocations


You had 5 spell levels left.
You didn't know any spells.
Your spell library was empty.

Dungeon Overview and Level Annotations

Branches:
Dungeon (3/12)

Altars:
Xom

Annotations:
D:3 Sigmund


Message History

You are more confused.
You bump into the rock wall.
Sigmund hits you with a +2 scythe of flaming!
* * * LOW HITPOINT WARNING * * *
Sigmund burns you.
* * * LOW HITPOINT WARNING * * *
You bump into the rock wall.
Sigmund hits you but does no damage.
You bump into the rock wall.
Sigmund giggles. "Time to reap what you sow."
Sigmund hits you from afar with a +2 scythe of flaming.
* * * LOW HITPOINT WARNING * * *
Sigmund burns you.
* * * LOW HITPOINT WARNING * * *
You're too confused to move!
Sigmund mumbles some strange words.
Sigmund flickers and vanishes!
Deactivating autopickup; reactivate with Ctrl-A.
You bump into the rock wall.
You bump into the rock wall.
Something hits you!
You die...

##### #### ####...#### ...
.....#...<. ..
########...##..
#.#####.....)........
##.###........##########.#
..$.....####..#...........
###.###{####.....##.####.#
#..@.....#......##.#
######.<...##.#.##..
#..#.###.#.##..
#....รท.....#...
#.##.###.#..... #.##.#
#.#.#... #....# #.......
###..#####..##.
##............


There were no monsters in sight!

Vanquished Creatures
  A sky beast (D:3)
  A scorpion (D:3)
  An orc priest (D:3)
  A hound (D:3)
  2 adders (D:3)
  2 oozes (D:2)
  2 worms (D:2)
  2 dart slugs (D:1)
  5 leopard geckos
  5 orcs (D:3)
  3 ball pythons (D:2)
  3 giant cockroaches
  10 goblins
  17 hobgoblins
  8 jackals (D:2)
  6 kobolds
  11 bats
  3 frilled lizards
  2 rats (D:1)
85 creatures vanquished.

Vanquished Creatures (others)
  An orc priest (D:3)
  An orc wizard (D:3)
  3 orcs (D:3)
  A kobold (D:3)
6 creatures vanquished.

Grand Total: 91 creatures vanquished

Notes
Turn   | Place    | Note
-------+----------+-------------------------------------------
     0 | D:1      | Freyura the Hill Orc Fighter began the quest for the Orb.
     0 | D:1      | Reached XP level 1. HP: 20/20 MP: 1/1
   263 | D:1      | Reached XP level 2. HP: 27/27 MP: 2/2
   351 | D:1      | Found a shimmering altar of Xom.
   596 | D:1      | Reached XP level 3. HP: 34/34 MP: 3/3
  1314 | D:2      | Reached skill level 1 in Dodging
  1456 | D:2      | Reached XP level 4. HP: 41/41 MP: 4/4
  2214 | D:3      | Reached XP level 5. HP: 47/47 MP: 5/5
  2234 | D:3      | Became a worshipper of Beogh the Brigand
  2243 | D:3      | Reached skill level 5 in Fighting
  2254 | D:3      | Reached skill level 1 in Invocations
  2254 | D:3      | Reached XP level 6. HP: 24/56 MP: 6/6
  2275 | D:3      | Noticed a sky beast
  2288 | D:3      | Killed a sky beast
  2621 | D:3      | Noticed Sigmund
  2642 | D:3      | HP: 1/56 [Sigmund/+2 scythe of flaming (2)]
  2646 | D:3      | Mangled by Sigmund

Skill      XL: |  1  2  3  4  5 |
---------------+----------------+-----
Dodging        | 1 |  1.9
Armour         | 4 |  4.5
Shields        | 4 |  4.4
Fighting       | 5 |  5.3
Invocations    | 1 |  1.8
Short Blades   | |  5.3
Long Blades    | |  5.3
Axes           | |  5.3
Maces & Flails | |  5.3
Polearms       | |  5.3
Staves         | |  5.3
Unarmed Combat | |  5.3

Action                   |  1- 3 |  4- 6 || total
-------------------------+-------+-------++-------
Melee: Flail             |   112 |   143 ||   255
Invok: Convert to Beogh  |       |     1 ||     1
  Use: Potion            |       |     1 ||     1
  Eat: Chunk             |     2 |     4 ||     6
Armor: Scale mail        |    83 |    60 ||   143
Dodge: Dodged            |    45 |    49 ||    94
Block: Shield            |    75 |    86 ||   161
